 Dungeon Crawl Stone Soup version 0.30.0-16-gbe6223bb7e (webtiles) character file.

Game seed: 3837499739562147875

788 adelrune the Ruffian (level 7, 0/71 HPs)
             Began as a Troll Berserker on May 21, 2023.
             Was a Priest of Trog.
             Slain by a wyvern (6 damage)
             ... on level 5 of the Dungeon.
             The game lasted 00:08:15 (2267 turns).

adelrune the Ruffian (Troll Berserker)              Turns: 2267, Time: 00:08:15

Health: 0/71       AC:  5    Str: 26    XL:     7   Next: 56%
Magic:  6/6        EV: 10    Int:  3    God:    Trog [***...]
Gold:   194        SH:  0    Dex: 11    Spells: 6/6 levels left

rFire   . .          .
                       - Unarmed
rCold   . . .        (no shield)
rNeg    . . .        a - +0 animal skin
rPois   .            (helmet restricted)
rElec   .            v - +0 cloak
rCorr   .            (gloves unavailable)
SInv    .            (boots unavailable)
Will    .....        (no amulet)
Stlth   +            (no ring)
HPRegen 1.11/turn    (no ring)
MPRegen 0.10/turn

%: no passive effects
@: no status effects
A: large, unfitting armour, claws 3, regeneration 1, shaggy fur 1, tough skin 1
a: Renounce Religion, Berserk, Trog's Hand


You were on level 5 of the Dungeon.
You worshipped Trog.
Trog was most pleased with you.
You visited 1 branch of the dungeon, and saw 5 of its levels.

You collected 194 gold pieces.

Inventory:

Hand Weapons
 d - a +2 dagger of protection
Missiles
 h - a throwing net (quivered)
Armour
 a - a +0 animal skin (worn)
 c - a +1 pair of boots
 v - a +0 cloak (worn)
Jewellery
 m - an amulet of regeneration
Wands
 t - a wand of charming (4)
Scrolls
 b - 4 scrolls of teleportation {unknown}
 f - a scroll of noise {unknown}
 i - a scroll of fear {unknown}
 j - 4 scrolls of identify {unknown}
 k - a scroll of magic mapping {unknown}
 n - a scroll of amnesia {unknown}
 q - 2 scrolls of enchant weapon {unknown}
 s - 3 scrolls of immolation {unknown}
Potions
 e - a potion of heal wounds {unknown}
 g - 4 potions of curing {unknown}
 l - a potion of flight {unknown}
 o - a potion of invisibility {unknown}
 p - 2 potions of ambrosia {unknown}
 r - a potion of might {unknown}
 u - a potion of attraction {unknown}


   Skills:
 + Level 4.7 Fighting
 - Level 2.4 Dodging
 * Level 7.6 Unarmed Combat


You had 6 spell levels left.
You didn't know any spells.
Your spell library was empty.

Dungeon Overview and Level Annotations

Branches:
Dungeon (5/15)
 Temple: D:4-7

Altars:
Ashenzari
Cheibriados
Kikubaaqudgha
Uskayaw
Vehumet
Xom


Innate Abilities, Weirdness & Mutations

You are too large for most types of armour.
You have claws for hands.
Your natural rate of healing is unusually fast.
You are covered in fur. (AC +1)
You have tough skin. (AC +1)


Message History

You claw the bullfrog!
The bullfrog is severely wounded.
The bullfrog hits you. x2
You barely miss the bullfrog. You claw the bullfrog.
You kill the bullfrog!
Trog accepts your kill.
A wyvern comes into view.
A jelly comes into view.
The wyvern hisses angrily.
The jelly quivers.
You mangle the hound!!
You kill the hound!
Trog accepts your kill.
An adder comes into view.
You see here a bullfrog corpse.
The adder hisses angrily.
You mangle the orc!!
You kill the orc!
Trog accepts your kill.
An orc comes into view. It is wielding a +0 club.
The orc shouts!
You claw the orc!
You kill the orc!
Trog accepts your kill.
You hear an angry hiss.
You hear a bark!
You barely miss the wyvern. The wyvern bites you! x2
You are too injured to fight recklessly!
You are too injured to fight recklessly!
You are too injured to fight recklessly!
You claw the wyvern!
The wyvern is heavily wounded.
The wyvern bites you. The wyvern bites you!
You closely miss the wyvern.
The wyvern is heavily wounded.
The wyvern bites you!
* * * LOW HITPOINT WARNING * * *
Okay, then.
The wyvern attacks as you move away! The wyvern bites you!
* * * LOW HITPOINT WARNING * * *
The wyvern bites you.
You die...

#.......# .......
....> ...# #oS# #..
##J# # #.. #..##.#
#.. ##.l#.# #..
##.@..# .# #..##
#...######.## #....
##.......#.) #....
##..#.....# #...#
#..##.##..#.####.#)#
##....#...#......)).
#.##.............##
#.....#..########.#
##..#.#...........#


You could see a wyvern, a jelly and an orc.

Vanquished Creatures
  Sigmund (D:2)
  2 bullfrogs
  A hound (D:5)
  3 orc priests
  Terence (D:2)
  Ijyb (D:3)
  2 iguanas (D:4)
  Natasha (thrice) (D:4)
  An orc wizard (D:4)
  6 gnolls
  2 adders (D:2)
  A worm (D:4)
  3 dart slugs
  12 orcs
  3 bats
  7 endoplasms
  A giant cockroach (D:3)
  10 hobgoblins
  3 jackals (D:4)
  2 quokkas (D:4)
  8 ball pythons
  3 frilled lizards
  9 goblins
  6 kobolds
  4 rats
95 creatures vanquished.

Notes
Turn   | Place    | Note
-------+----------+-------------------------------------------
     0 | D:1      | adelrune the Troll Berserker began the quest for the Orb.
     0 | D:1      | Reached XP level 1. HP: 22/22 MP: 0/0
    71 | D:1      | Reached XP level 2. HP: 29/29 MP: 1/1
   431 | D:1      | Reached XP level 3. HP: 34/36 MP: 2/2
   507 | D:2      | Reached skill level 4 in Unarmed Combat
   570 | D:2      | Reached XP level 4. HP: 45/45 MP: 3/3
   595 | D:2      | Reached ** piety under Trog
   680 | D:2      | Noticed Sigmund
   717 | D:2      | Killed Sigmund
   718 | D:2      | Reached skill level 5 in Unarmed Combat
   718 | D:2      | Reached XP level 5. HP: 54/54 MP: 4/4
   815 | D:2      | Noticed Terence
   832 | D:2      | Killed Terence
   833 | D:2      | Reached XP level 6. HP: 62/62 MP: 5/5
  1030 | D:3      | Reached skill level 6 in Unarmed Combat
  1136 | D:3      | Found a shimmering altar of Xom.
  1288 | D:3      | Noticed Ijyb
  1297 | D:3      | Killed Ijyb
  1314 | D:3      | You fall into a shaft and drop 1 floor!
  1360 | D:4      | Found a hide-covered altar of Uskayaw.
  1644 | D:4      | Found a radiant altar of Vehumet.
  1745 | D:4      | Noticed Natasha
  1748 | D:4      | Killed Natasha
  1749 | D:4      | Reached XP level 7. HP: 70/70 MP: 6/6
  1770 | D:4      | Reached *** piety under Trog
  1942 | D:4      | Found a snail-covered altar of Cheibriados.
  1946 | D:4      | Found an ancient bone altar of Kikubaaqudgha.
  2002 | D:4      | Found a broken altar of Ashenzari.
  2006 | D:4      | Saw a vision of the Swamp and the Spider Nest.
  2006 | D:4      | Noticed a jorogumo
  2006 | D:4      | Noticed a demonic crawler
  2006 | D:4      | Noticed a pharaoh ant
  2006 | D:4      | Noticed a torpor snail
  2006 | D:4      | Noticed a jumping spider
  2006 | D:4      | Noticed a redback
  2006 | D:4      | Noticed a jorogumo
  2006 | D:4      | Noticed a tarantella
  2006 | D:4      | Noticed a redback
  2006 | D:4      | Noticed a spriggan druid
  2006 | D:4      | Noticed a tyrant leech
  2006 | D:4      | Noticed a bog body
  2006 | D:4      | Noticed an eleionoma
  2006 | D:4      | Noticed a goliath frog
  2007 | D:4      | Noticed a pharaoh ant
  2007 | D:4      | Noticed an orb spider
  2008 | D:4      | Noticed a demonic crawler
  2009 | D:4      | Noticed a tarantella
  2009 | D:4      | Noticed a jumping spider
  2029 | D:4      | Noticed Natasha
  2036 | D:4      | Killed Natasha
  2037 | D:4      | Reached skill level 7 in Unarmed Combat
  2103 | D:4      | Noticed Natasha
  2107 | D:4      | Killed Natasha
  2178 | D:5      | Entered Level 5 of the Dungeon
  2257 | D:5      | Noticed a wyvern
  2267 | D:5      | Slain by a wyvern

Illustrated notes

Levels and vault maps discovered:
D:1:      dpeg_arrival_pits, layout_basic
D:2:      layout_basic, minmay_box_of_dots, uniq_terence, uniq_sigmund
D:3:      layout_rooms, mainiacjoe_overflow_cross_hatched, hangedman_decor_push,
          uniq_ijyb
D:4:      layout_basic, fiery_altar_vehumet, grunt_ashenzari_visionary
          [grunt_ashenzari_visionary_swamp, grunt_ashenzari_visionary_spider],
          nicolae_uskayaw_dance_hall, minitemple, uniq_natasha
D:5:      layout_basic, grunt_gozag_breadcrumbs,
          minmay_temple_entry_enclosed_plants, minmay_manual_macuahuitl

Skill      XL: |  1  2  3  4  5  6  7 |
---------------+----------------------+-----
Unarmed Combat | 4 5 6 7 |  7.6
Fighting       | 3 4 |  4.7
Dodging        | |  2.4

Action                     |  1- 3 |  4- 6 |  7- 9 || total
---------------------------+-------+-------+-------++-------
  Melee: Unarmed           |    65 |    97 |    59 ||   221
         Punch             |     1 |     4 |     5 ||    10
 Invoke: Berserk           |       |     1 |       ||     1
   Stab: Sleeping          |     1 |     1 |       ||     2
 Armour: Animal skin       |    15 |    27 |    11 ||    53
  Dodge: Dodged            |    31 |    39 |    25 ||    95
